 Dungeon Crawl Stone Soup version 0.21-a0-537-gd2fb950b4b (webtiles) character file.

17098 MirrMurr the Carver (level 12, -7/83 (84) HPs)
             Began as a Halfling Berserker on Dec 15, 2017.
             Was a High Priest of Trog.
             Mangled by an ogre
             ... wielding a +0 giant club
              (8 damage)
             ... on level 11 of the Dungeon.
             The game lasted 00:40:29 (13348 turns).

MirrMurr the Carver (Halfling Berserker)           Turns: 13348, Time: 00:40:29

HP:   -7/83 (84)    AC: 13    Str: 22    XL:     12   Next: 78%
MP:   12/12         EV: 16    Int:  5    God:    Trog [*****.]
Gold: 791           SH:  5    Dex: 23    Spells: 11/11 levels left

rFire    . . .     SeeInvis .   a - +3 scimitar (flame)
rCold    . . .     Gourm    .   (shield restricted)
rNeg     . . .     Faith    .   y - +0 plate armour
rPois    .         Spirit   .   o - +0 helmet
rElec    .         Reflect  +   h - +2 cloak {+Inv}
rCorr    .         Harm     .   F - +1 pair of gloves {Dex+3}
MR       .....                  (no boots)
Stlth    ..........             p - +5 amulet of reflection
HPRegen  0.23/turn              J - +5 ring of dexterity
MPRegen  0.13/turn              (no ring)

@: corroded, drained
A: small, mutation resistance 1
a: Berserk, Trog's Hand, Brothers in Arms, Burn Spellbooks, Renounce Religion,
Evoke Invisibility


You were on level 11 of the Dungeon.
You worshipped Trog.
Trog was extremely pleased with you.
You were not hungry.

You visited 2 branches of the dungeon, and saw 12 of its levels.

You collected 791 gold pieces.

Inventory:

Hand Weapons
 a - a +3 scimitar of flaming (weapon)
 b - a +6 hunting sling of flaming
 q - a +0 blowgun
Missiles
 f - 120 stones (quivered)
 s - 51 sling bullets
 C - 95 poisoned needles
 G - 2 throwing nets {!f}
Armour
 h - a +2 cloak of invisibility (worn)
 o - a +0 helmet (worn)
 y - a +0 plate armour (worn)
 F - a +1 pair of gloves of dexterity (worn)
Jewellery
 p - a +5 amulet of reflection (around neck)
 J - a +5 ring of dexterity (left hand)
Wands
 A - a wand of acid (8)
 E - a wand of enslavement (37)
Scrolls
 e - 3 scrolls of fog
 m - 3 scrolls of immolation
 n - a scroll of teleportation
 r - 4 scrolls of remove curse
 H - a scroll of summoning
 N - a scroll of magic mapping
 P - 2 scrolls of identify
Potions
 d - a potion of brilliance {unknown}
 i - a potion of haste
 j - a potion of berserk rage
 k - a potion of ambrosia {unknown}
 l - 3 potions of flight
 u - 3 potions of heal wounds
 z - a potion of mutation {unknown}
 B - a potion of cancellation
 I - a potion of lignification {unknown}
 K - a potion of curing
 M - 2 potions of resistance
Books
 w - a book of Clouds

   Spells                             Type                      Level
   a - Poisonous Vapours              Poison/Air                   2
   b - Mephitic Cloud                 Conjuration/Poison/Air       3
   c - Conjure Flame                  Conjuration/Fire             3
   d - Freezing Cloud                 Conjuration/Ice/Air          6
   e - Ring of Flames                 Charms/Fire                  7
   Trog disapproves of the use of such an item.
 x - a book of Battle

   Spells                             Type                      Level
   a - Infusion                       Charms                       1
   b - Shroud of Golubria             Charms/Translocation         2
   c - Song of Slaying                Charms                       2
   d - Spectral Weapon                Hexes/Charms                 3
   e - Regeneration                   Charms/Necromancy            3
   Trog disapproves of the use of such an item.
 D - a book of Cantrips

   Spells                             Type                      Level
   a - Confusing Touch                Hexes                        1
   b - Animate Skeleton               Necromancy                   1
   c - Summon Small Mammal            Summoning                    1
   d - Apportation                    Translocation                1
   Trog disapproves of the use of such an item.
 O - a book of Cantrips

   Spells                             Type                      Level
   a - Confusing Touch                Hexes                        1
   b - Animate Skeleton               Necromancy                   1
   c - Summon Small Mammal            Summoning                    1
   d - Apportation                    Translocation                1
   Trog disapproves of the use of such an item.
Miscellaneous
 g - a lamp of fire
Comestibles
 c - 6 bread rations
 t - 4 royal jellies
 v - 5 meat rations
 L - 8 chunks of flesh


   Skills:
 + Level 8.7(8.4) Fighting
 + Level 12.1(11.7) Long Blades
 * Level 7.8(7.5) Slings
 + Level 9.9(9.6) Armour
 + Level 9.9(9.6) Dodging


You had 11 spell levels left.
You didn't know any spells.

Dungeon Overview and Level Annotations

Branches:
Dungeon (11/15)            Temple (1/1) D:6            Lair (0/6) D:11
    Orc: D:9-12

Altars:
Ashenzari
Elyvilon
Gozag
Nemelex Xobeh
Okawaru
Qazlal
Sif Muna
Uskayaw
Vehumet
Xom

Shops:
D:5 :

Portals:
Trove: D:10 (show slimy rune of Zot)


Innate Abilities, Weirdness & Mutations

You are small and have problems with some larger weapons.
You are somewhat resistant to further mutation.


Message History

The acid dragon spits acid at you. The splash of acid hits you!
The acid corrodes you!
You are splashed with acid!
The acid burns!
* * * LOW HITPOINT WARNING * * *
Something hits the bush but does no damage.
Something hits the fungus.
The howler monkey hoots and howls with incredible vigour!
The deep elf mage hits you with a short sword.
* * * LOW HITPOINT WARNING * * *
The worker ant zombie closely misses you.
Something hits the bush but does no damage.
Something bites the bush but does no damage.
Something claws the bush.
You hear a shout!
There is a stone staircase leading up here.
Something stings the bush but does no damage.
Something hits the bush.
Something stings the bush.
Something stings the bush but does no damage.
The ogre hits you with a giant club!
You die...

.......<...............
..............#.........
.a..§...................
..........#.#.#.........
D.........#..c..........
...§.......o#h#........#
...........†DD.c.....#.#
##........####.O........
.###.oy ♣P.e@.......
..c.hPyo.P.Z........
..##.hP..PP.......... c
#.#D.Pa...♣..........
yy##(#.......P.........#
c{(<......h.P.♣P....#...
.h##†...........P.......
. yD.P....>PPP...P....
#.(P..P


You could see a deep elf mage, an orc warrior, 2 acid dragons, an ogre, 2
centaurs, 2 howler monkeys, a worker ant, a killer bee, an orc and a worker ant
zombie.

Vanquished Creatures
  Erica (D:8)
  4 two-headed ogres
  Pikel (D:8)
  3 ugly things (D:10)
  A kobold demonologist (D:10)
  3 trolls
  A hornet (D:9)
  Prince Ribbit (D:7)
  4 wyverns
  A basilisk (D:10)
  Eustachio (D:4)
  4 hogs (D:7)
  A human (D:7)
  13 yaks (D:10)
  4 hungry ghosts
  A water moccasin (D:7)
  Duvessa (D:7)
  3 porcupines (D:10)
  6 orc warriors
  5 sky beasts
  2 ice beasts (D:10)
  2 black bears (D:7)
  2 phantoms
  2 necrophages
  8 ogres
  3 crocodiles
  9 centaurs
  3 big kobolds
  3 bullfrogs
  Dowan (D:7)
  2 wyvern skeletons
  3 scorpions
  4 killer bees (D:9)
  14 wights
  3 howler monkeys
  2 crimson imps
  3 bullfrog zombies
  A centaur zombie (D:5)
  4 orc priests
  Crazy Yiuf (D:4)
  6 hounds
  A bullfrog skeleton (D:5)
  3 centaur skeletons
  14 orc wizards
  3 iguanas
  9 worker ants
  3 hound zombies
  A hound skeleton (D:5)
  Robin (D:4)
  2 howler monkey skeletons
  7 adders
  3 shadow imps
  3 oozes
  An adder zombie (D:8)
  2 adder skeletons
  6 worms
  4 dart slugs
  5 leopard geckos
  57 orcs
  5 bats
  4 giant cockroaches
  12 goblins
  9 hobgoblins
  17 jackals
  6 quokkas
  A ball python (D:6)
  4 frilled lizards
  23 kobolds
  7 rats
350 creatures vanquished.

Vanquished Creatures (others)
  A slave (D:8)
  A bullfrog (D:8)
  A howler monkey (D:8)
  An orc (D:9)
  3 fungi (D:11)
7 creatures vanquished.

Grand Total: 357 creatures vanquished

Notes
Turn   | Place    | Note
-------+----------+-------------------------------------------
     0 | D:1      | MirrMurr the Halfling Berserker began the quest for the Orb.
     0 | D:1      | Reached XP level 1. HP: 15/15 MP: 1/1
   435 | D:1      | Reached XP level 2. HP: 17/20 MP: 2/2
   808 | D:1      | Reached XP level 3. HP: 23/25 MP: 3/3
  1471 | D:2      | Reached XP level 4. HP: 30/31 MP: 4/4
  1471 | D:2      | Reached ** piety under Trog
  1898 | D:3      | Noticed an ogre
  1967 | D:3      | Reached skill level 4 in Long Blades
  2056 | D:3      | Killed an ogre
  2056 | D:3      | Reached XP level 5. HP: 36/36 MP: 5/5
  2071 | D:3      | Reached XP level 6. HP: 25/42 MP: 6/6
  3695 | D:4      | Reached skill level 5 in Long Blades
  4021 | D:4      | Reached XP level 7. HP: 45/47 MP: 7/7
  4085 | D:4      | Noticed Eustachio
  4168 | D:4      | Killed Eustachio
  4361 | D:4      | Reached *** piety under Trog
  4413 | D:4      | Reached skill level 6 in Long Blades
  4419 | D:4      | Noticed Robin
  4445 | D:4      | Reached XP level 8. HP: 35/54 MP: 6/8
  4473 | D:4      | Killed Robin
  4826 | D:4      | Found a runed door.
  5036 | D:4      | Noticed Crazy Yiuf
  5044 | D:4      | Killed Crazy Yiuf
  5134 | D:5      | Entered Level 5 of the Dungeon
  5922 | D:5      | Reached skill level 5 in Armour
  5953 | D:5      | Reached skill level 5 in Dodging
  6271 | D:5      | Found Rimynapt's Book Boutique.
  6400 | D:5      | Reached skill level 7 in Long Blades
  6459 | D:5      | Reached skill level 5 in Fighting
  6542 | D:5      | Reached XP level 9. HP: 61/61 MP: 7/9
  6758 | D:6      | Found a staircase to the Ecumenical Temple.
  6767 | Temple   | Entered the Ecumenical Temple
  7755 | D:7      | Noticed Dowan
  7758 | D:7      | Noticed Duvessa
  8017 | D:7      | Killed Duvessa
  8020 | D:7      | Killed Dowan
  8020 | D:7      | Reached skill level 8 in Long Blades
  8195 | D:7      | Reached **** piety under Trog
  8453 | D:7      | Reached XP level 10. HP: 68/68 MP: 10/10
  8532 | D:7      | Noticed Prince Ribbit
  8597 | D:7      | Reached skill level 9 in Long Blades
  8609 | D:7      | Killed Prince Ribbit
  9496 | D:8      | Noticed Erica
  9511 | D:8      | Killed Erica
  9634 | D:8      | Noticed a two-headed ogre
  9649 | D:8      | Killed a two-headed ogre
  9649 | D:8      | Reached skill level 10 in Long Blades
  9750 | D:8      | Reached XP level 11. HP: 74/75 MP: 11/11
  9866 | D:8      | Noticed Pikel
  9884 | D:8      | Killed Pikel
 10023 | D:8      | Identified a scroll of acquirement
 10054 | D:8      | Found an iron altar of Okawaru.
 10058 | D:8      | Found a shattered altar of Ashenzari.
 10058 | D:8      | Found a radiant altar of Vehumet.
 10058 | D:8      | Found a stormy altar of Qazlal.
 10058 | D:8      | Found a shimmering altar of Xom.
 10059 | D:8      | Found an opulent altar of Gozag.
 10061 | D:8      | Found a deep blue altar of Sif Muna.
 10062 | D:8      | Found a white marble altar of Elyvilon.
 10063 | D:8      | Found a hide-covered altar of Uskayaw.
 10527 | D:9      | Reached ***** piety under Trog
 10527 | D:9      | Reached skill level 11 in Long Blades
 11190 | D:9      | Noticed a two-headed ogre
 11279 | D:9      | Killed a two-headed ogre
 11544 | D:10     | Entered Level 10 of the Dungeon
 11583 | D:10     | Found a stormy altar of Qazlal.
 11818 | D:10     | Reached skill level 1 in Slings
 11835 | D:10     | Received a gift from Trog
 11900 | D:10     | @> thx, Trog: +6 sling of flame
 12059 | D:10     | Reached XP level 12. HP: 70/82 MP: 12/12
 12223 | D:10     | Found a portal to a secret trove of treasure.
 12554 | D:11     | Noticed a two-headed ogre
 12575 | D:11     | Noticed a two-headed ogre
 12746 | D:10     | Killed a two-headed ogre
 12746 | D:10     | Reached skill level 5 in Slings
 13029 | D:10     | Killed a two-headed ogre
 13034 | D:10     | Reached skill level 12 in Long Blades
 13322 | D:11     | Found a staircase to the Lair.
 13347 | D:11     | HP: 1/83 [deep elf mage/short sword (4)]
 13348 | D:11     | Mangled by an ogre

Vault maps used:
D:1:      sevenhm_arrival_forest_fort_large_4, minmay_misc_feat_four_crosses,
          roderic_filled_cross
D:2:      first_bread
D:3:      minmay_crystal_room
D:4:      uniq_crazy_yiuf_cottage, uniq_eustachio, uniq_robin
D:5:      serial_shops, kennysheep_mini_moat, grunt_ministairs_15
D:6:      minmay_temple_entry_glassed_door
D:7:      grunt_livestock, uniq_prince_ribbit1, uniq_duvessa
D:8:      minitemple, uniq_erica, uniq_pikel
D:10:     basic_altar, enter_trove_6
D:11:     cheibrodos_helix_gallery, minmay_lair_entry_grove, serial_glass,
          glass_columns_a, glass_columns_a, glass_columns_c
Temple:   dshaligram_water_room_temple

Skill      XL: |  1  2  3  4  5  6  7  8  9 10 11 12 |
---------------+-------------------------------------+-----
Fighting       | 3 4 5 7 8 |  8.7
Long Blades    | 4 5 6 7 8 10 11 12 | 12.1
Armour         | 3 4 5 6 8 9 |  9.9
Dodging        | 3 4 5 6 7 9 |  9.9
Slings         | 2 7 |  7.8

Action                   |  1- 3 |  4- 6 |  7- 9 | 10-12 || total
-------------------------+-------+-------+-------+-------++-------
Melee: Falchion          |   104 |   239 |   604 |   130 ||  1077
       Scimitar          |       |       |       |   411 ||   411
       Long sword        |       |       |       |    28 ||    28
 Fire: Hunting sling     |       |       |       |    67 ||    67
Throw: Stone             |     9 |       |       |     2 ||    11
Invok: Berserk           |     2 |     4 |     2 |     7 ||    15
       Trog's Hand       |       |     1 |     5 |     9 ||    15
       Burn Spellbooks   |       |       |       |     1 ||     1
  Use: Scroll            |     3 |     8 |     4 |     8 ||    23
 Stab: Sleeping          |     2 |       |       |       ||     2
       Distracted        |     1 |       |       |       ||     1
  Eat: Chunk             |     3 |    11 |    17 |    24 ||    55
       Royal jelly       |       |     1 |       |     4 ||     5
       Fruit             |       |       |     2 |       ||     2
Armor: Animal skin       |    16 |       |       |       ||    16
       Scale mail        |     5 |    66 |       |       ||    71
       Chain mail        |       |    32 |   291 |   126 ||   449
       Plate armour      |       |       |       |   138 ||   138
Dodge: Dodged            |   100 |   136 |   338 |   442 ||  1016
Block: Other             |       |       |    36 |   136 ||   172
       Reflection        |       |       |       |     9 ||     9
       Rpst.: Falchion   |    26 |    37 |    99 |    13 ||   175
       Scimitar          |       |       |       |   103 ||   103
       Long sword        |       |       |       |     7 ||     7

Table legend:
 A = Spawn XP
 B = Non-spawn XP
 C = Spawn XP percentage of total XP
 D = Spawn monster count
 E = Non-spawn monster count
 F = Spawn count percentage of total count
 G = Total turns spent on level
                    A         B        C        D         E        F      G
               +---------+---------+-------+---------+---------+-------+---------
         Total |       0 |   24427 |   0.0 |       0 |     351 |   0.0 | 13348
               +---------+---------+-------+---------+---------+-------+---------
           D:1 |       0 |      41 |   0.0 |       0 |      21 |   0.0 |  1072
           D:2 |       0 |      64 |   0.0 |       0 |      19 |   0.0 |   890
           D:3 |       0 |     301 |   0.0 |       0 |      27 |   0.0 |  1775
           D:4 |       0 |     727 |   0.0 |       0 |      40 |   0.0 |  2143
           D:5 |       0 |     850 |   0.0 |       0 |      25 |   0.0 |  1030
           D:6 |       0 |     409 |   0.0 |       0 |      16 |   0.0 |   977
           D:7 |       0 |    2873 |   0.0 |       0 |      38 |   0.0 |  1644
           D:8 |       0 |    4409 |   0.0 |       0 |      36 |   0.0 |  1017
           D:9 |       0 |    3337 |   0.0 |       0 |      36 |   0.0 |  1018
          D:10 |       0 |   10985 |   0.0 |       0 |      87 |   0.0 |  1711
          D:11 |       0 |     431 |   0.0 |       0 |       6 |   0.0 |    69
               +---------+---------+-------+---------+---------+-------+---------
